 Dungeon Crawl Stone Soup version 0.31.0 (webtiles) character file.

Game seed: 4954376227767760386

36 HakonGodeson the Trooper (level 3, -1/29 HPs)
             Began as a Human Fighter on Jan 20, 2024.
             Slain by a gnoll
             ... wielding a +0 spear
              (6 damage)
             ... on level 2 of the Dungeon.
             The game lasted 00:01:10 (227 turns).

HakonGodeson the Trooper (Human Fighter)             Turns: 227, Time: 00:01:10

Health: -1/29      AC:  6    Str: 16    XL:     3   Next: 37%
Magic:  3/3        EV:  9    Int: 10    God:
Gold:   0          SH:  4    Dex: 12    Spells: 2/2 levels left

rFire   . . .        a - +0 war axe
rCold   . . .        c - +0 buckler
rNeg    . . .        b - +0 scale mail
rPois   .            (no helmet)
rElec   .            (no cloak)
rCorr   .            (no gloves)
SInv    .            (no boots)
Will    .....        (no amulet) Stlth
                     (no ring)
HPRegen 0.24/turn    (no ring)
MPRegen 0.08/turn

%: no passive effects
@: no status effects
A: explore regen
a: no special abilities


You were on level 2 of the Dungeon.
You visited 1 branch of the dungeon, and saw 2 of its levels.

Inventory:

Hand Weapons
 a - a +0 war axe (weapon)
Missiles
 f - 3 poisoned darts (quivered)
Armour
 b - a +0 scale mail (worn)
 c - a +0 buckler (worn)
Scrolls
 e - a scroll of vulnerability
Potions
 d - a potion of might


   Skills:
 * Level 3.3 Fighting
 * Level 2.5 Axes
 * Level 0.2 Throwing
 * Level 3.2 Armour
 * Level 0.5 Dodging
 * Level 0.4 Stealth
 * Level 3.1 Shields


You had 2 spell levels left.
You didn't know any spells.
Your spell library was empty.

Dungeon Overview and Level Annotations

Branches:
Dungeon (2/15)

Altars:


Innate Abilities, Weirdness & Mutations

You regain HP and MP as you explore.


Message History

The endoplasm freezes you.
You are frozen.
There is an open door here.
You hit the endoplasm but do no damage. The endoplasm barely misses you.
You hit the endoplasm.
The endoplasm is severely wounded.
The endoplasm hits you. The endoplasm misses you.
You slash the endoplasm!
You kill the endoplasm!
You slash the gnoll!
The gnoll is heavily wounded.
The gnoll completely misses you. The gnoll barely misses you.
The gnoll hits you from afar with a +0 spear.
You closely miss the gnoll. The gnoll hits you but does no damage.
The gnoll barely misses you.
You slash the gnoll!
The gnoll is almost dead.
The gnoll hits you from afar with a +0 spear.
You block the gnoll's attack.
The gnoll hits you from afar with a +0 spear.
You slash the gnoll!
You kill the gnoll!
The gnoll hits you from afar with a +0 spear.
The gnoll hits you with a +0 club.
* * * LOW HITPOINT WARNING * * *
You have reached level 3!
Your experience leads to an increase in your attributes!
Increase (S)trength, (I)ntelligence, or (D)exterity?
You feel clever. x2
Okay, then.
Okay, then.
The gnoll attacks as it pursues you! You block the gnoll's attack.
You slash the gnoll!
You kill the gnoll!
You barely miss the gnoll.
The gnoll is moderately wounded.
The gnoll hits you with a +0 whip.
* * * LOW HITPOINT WARNING * * *
The gnoll hits you from afar with a +0 spear.
You die...

####....#........).....
#.....†††.#######......
+.........#### #......
..
#...............+......
...
#........########......
.#.##........# #####+#
.....#####.###
#.#....##.######## #
#....gg@........
#....##.########
#....##.# #..g.##.#
#....##.# #....##'####
####........ #........
#........


You could see 2 gnolls.

Vanquished Creatures
  2 gnolls (D:2)
  A bat (D:1)
  2 endoplasms
  2 giant cockroaches
  A goblin (D:1)
  A hobgoblin (D:1)
  2 frilled lizards (D:2)
  4 kobolds
  2 rats (D:2)
17 creatures vanquished.

Notes
Turn   | Place    | Note
-------+----------+-------------------------------------------
     0 | D:1      | HakonGodeson the Human Fighter began the quest for the Orb.
     0 | D:1      | Reached XP level 1. HP: 18/18 MP: 1/1
   120 | D:1      | Reached XP level 2. HP: 24/24 MP: 2/2
   225 | D:2      | Reached XP level 3. HP: 5/29 MP: 3/3
   227 | D:2      | Slain by a gnoll

Illustrated notes

Levels and vault maps discovered:
D:1:      shiori_arrival_oz, layout_basic
D:2:      layout_basic, hangedman_feature_mirror

Action                     || total
---------------------------++-------
  Melee: War axe           ||    31
    Use: Scroll            ||     1
 Armour: Scale mail        ||    33
  Dodge: Dodged            ||    15
  Block: Buckler           ||     9
